Map: Persephone LE

Players

Data - Winner!

  • Race: Terran Terran
  • League: Diamond
  • Spawn Location: 11:00

qwerty

  • Race: Protoss Protoss
  • League: Diamond
  • Spawn Location: 7:00

VOD

Have the link to the VOD?

Description

Time

  • Played on: Aug. 23, 2025, 9:18 p.m.
  • Length: 6:00
Show
View Real Time Build Order
Export as new Build Order

Data Terran - Winner!

Build Orders:  

Get SALT Encoding   

  12  0:01  SCV  
  13  0:13  SCV  
  14  0:24  Supply Depot  
  14  0:26  SCV  
  15  0:45  SCV  
  15  0:47  Barracks  
  16  0:51  Refinery  
  16  1:08  SCV  
  17  1:19  Barracks  
  17  1:22  SCV  
  18  1:36  Barracks  
  18  1:40  SCV  
  19  1:48  Reaper  
  20  1:55  Refinery  
  20  2:06  Supply Depot  
  20  2:10  Reaper  
  21  2:20  Reaper  
  21  2:22  Orbital Command  
  22  2:26  Reaper  
  23  2:40  Bunker  
  23  2:42  Reaper  
  23  2:52  Reaper  
  24  3:07  Reaper  
  24  3:14  Reaper  
  25  3:24  Reaper  
  25  3:39  Reaper  
  26  3:47  Reaper  
  26  3:56  Reaper  
  26  4:07  Command Center  
  25  4:12  Reaper  
  26  4:19  Reaper  
  27  4:28  Reaper  
  27  4:44  Reaper  
  28  4:51  Reaper  
  29  5:00  Reaper  
  30  5:16  Reaper  
  30  5:20  Command Center  
  30  5:23  Reaper  
Show
View Real Time Build Order
Export as new Build Order

qwerty Protoss 

Build Orders: 1 Gate Expand 

Get SALT Encoding   

  12  0:00  Probe  
  13  0:12  Probe  
  14  0:19  Pylon  
  14  0:25  Probe  
  15  0:33  Probe  
  15  0:40  Gateway  
  15  0:41  Probe  
  16  0:49  Assimilator  
  17  0:52  Probe  
  18  1:04  Probe  
  19  1:16  Probe  
  20  1:31  Nexus  
  20  1:42  Cybernetics Core  
  20  1:48  Probe  
  20  1:55  Assimilator  
  20  1:56  Probe  
  20  1:57  Pylon  
  21  2:07  Probe  
  21  2:09  Adept  
  22  2:21  Probe  
  25  2:25  Robotics Facility  
  25  2:33  Probe  
  25  2:34  Warp Gate  
  25  2:35  Adept  
  26  2:43  Probe  
  29  2:45  Probe  
  30  2:53  Shield Battery  
  30  2:57  Probe  
  28  3:17  Immortal  
  28  3:31  Shield Battery  
  32  3:47  Probe  
  32  3:48  Stalker, Probe  
  26  4:10  Gateway  
  26  4:19  Probe  
  25  4:26  Stalker  
  25  4:31  Probe  
  24  4:38  Probe  
  23  4:49  Pylon  
  23  4:51  Probe  
  24  4:56  Probe  
  25  5:16  Pylon  
  25  5:24  Probe  
  25  5:28  Gateway  
Tags
 
Add a new tag
Caveats
  • Supply blocks, unpowered buildings, or Contaminate may cause inaccurate times.
  • Supply counts are checked every 10 seconds.